 Dungeon Crawl Stone Soup version 0.21.1-1-g345015fe64 (webtiles) character file.

256 DildoBatman the Sneak (level 6, -6/47 HPs)
             Began as a Formicid Enchanter on Feb 7, 2018.
             Mangled by an ogre
             ... wielding a +0 giant club
              (20 damage)
             ... on level 4 of the Dungeon.
             The game lasted 00:09:30 (4221 turns).

DildoBatman the Sneak (Formicid Enchanter)          Turns: 4221, Time: 00:09:31

Health: -6/47      AC:  5    Str: 14    XL:     6   Next: 39%
Magic:  3/9        EV: 11    Int: 20    God:
Gold:   125        SH:  0    Dex: 11    Spells: 5/9 levels left

rFire    . . .     SeeInvis +   a - +0 quarterstaff
rCold    . . .     Gourm    .   (no shield)
rNeg     . . .     Faith    .   r - +0 ring mail
rPois    .         Spirit   .   (helmet unavailable)
rElec    .         Reflect  .   (no cloak)
rCorr    .         Harm     .   (no gloves)
MR       .....                  (no boots)
Stlth    ++........             (no amulet)
HPRegen  0.15/turn              f - +5 ring of intelligence
MPRegen  0.11/turn              (no ring)

@: no status effects
A: permanent stasis, dig shafts and tunnels, four strong arms, antennae 3
a: Dig, Shaft Self


You were on level 4 of the Dungeon.
You were hungry.

You visited 1 branch of the dungeon, and saw 4 of its levels.

You collected 125 gold pieces.

Inventory:

Hand Weapons
 a - a +0 quarterstaff (weapon)
 b - a +1 dagger
 m - a cursed -3 dagger
Armour
 r - a +0 ring mail (worn)
 A - a +0 large shield
 C - a +1 chain mail of magic resistance
Jewellery
 f - a +5 ring of intelligence (left hand)
 z - an uncursed ring of stealth {unknown}
Scrolls
 d - a scroll of remove curse {unknown}
 g - 3 scrolls of teleportation {unknown}
 k - 4 scrolls of identify {unknown}
 n - a scroll of enchant armour {unknown}
 o - a scroll of amnesia {unknown}
 p - 2 scrolls of noise {unknown}
 q - 2 scrolls of enchant weapon {unknown}
 t - 2 scrolls of fog {unknown}
 w - a scroll of immolation {unknown}
 y - a scroll of magic mapping {unknown}
Potions
 e - a potion of haste {unknown}
 h - 2 potions of heal wounds {unknown}
 i - a potion of cancellation {unknown}
 j - a potion of invisibility {unknown}
 l - a potion of resistance {unknown}
 s - a potion of degeneration {unknown}
 u - a potion of curing {unknown}
 x - a potion of ambrosia {unknown}
Books
 c - a book of Maledictions

   Spells                             Type                      Level
   a - Corona                         Hexes                        1
   b - Ensorcelled Hibernation        Hexes/Ice                    2
   c - Confuse                        Hexes                        3
   d - Tukima's Dance                 Hexes                        3
   e - Dazzling Spray                 Conjuration/Hexes            3
Comestibles
 v - 6 rations
 B - 9 chunks of flesh


   Skills:
 * Level 3.6 Fighting
 - Level 1.0 Short Blades
 * Level 3.6 Armour
 * Level 2.5 Dodging
 * Level 4.8 Stealth
 - Level 2.1 Spellcasting
 - Level 3.6 Hexes


You had 5 spell levels left.
You knew the following spells:

 Your Spells              Type           Power        Failure   Level  Hunger
a - Corona                Hex            ###....      7%          1    #......
b - Confuse               Hex            ###.....     21%         3    ###....


Dungeon Overview and Level Annotations

Branches:
Dungeon (4/15)
 Temple: D:4-7

Altars:


Innate Abilities, Weirdness & Mutations

You cannot be hasted, slowed, berserked, paralysed or teleported.
You can dig through walls and to a lower floor.
Your four strong arms can wield two-handed weapons with a shield.
You have a pair of large antennae on your head. (SInv)


Message History

Items here: )))) [ รท You start resting.
An ogre comes into view. It is wielding a giant club.
Casting: Corona
Confirm with . or Enter, or press ? or * to list all spells.
Aiming: Confuse
Press: ? - help, Shift-Dir - straight line, f - ogre
Aim: an ogre, wielding a giant club (hasn't noticed you, chance to defeat MR: 47%)
The ogre shouts!
The ogre resists with some effort.
You are feeling hungry.
The ogre hits you with a giant club!
Casting: Confuse
Confirm with . or Enter, or press ? or * to list all spells.
Aiming: Confuse
Press: ? - help, Shift-Dir - straight line, f/p - ogre
Aim: an ogre, wielding a giant club (chance to defeat MR: 47%)
The ogre resists with some effort.
The ogre hits you with a giant club!!
You die...

#.. #.# ###.......#.#
#..####.# #...........##
.....#.###.#..#.##.##..
######. #............##....#
.....h.####.##..........##..
##.$..h..##....#####.##..
#.......######..........##..
#.###...# ####...######.....
##..# #@##...######.##..
#..# ##O#..........###.
##.#..###.##....####..# ##
#..........)..........####
..#...................#...
......................#...
####.#######....####.#.###
... #........ #. # #.##
#.....### #.###


You could see an ogre.

Vanquished Creatures
  A howler monkey (D:4)
  An orc priest (D:4)
  An iguana (D:3)
  An orc wizard (D:4)
  3 adders
  An adder zombie (D:4)
  An adder skeleton (D:4)
  2 worms (D:3)
  3 dart slugs
  4 leopard geckos
  7 orcs
  A ball python (D:1)
  3 giant cockroaches
  6 hobgoblins
  8 jackals
  8 kobolds
  2 quokkas (D:2)
  10 bats
  7 frilled lizards
  11 goblins
  3 rats
84 creatures vanquished.

Notes
Turn   | Place    | Note
-------+----------+-------------------------------------------
     0 | D:1      | DildoBatman the Formicid Enchanter began the quest for the Orb.
     0 | D:1      | Reached XP level 1. HP: 13/13 MP: 3/3
   238 | D:1      | Reached skill level 1 in Fighting
   264 | D:1      | Reached XP level 2. HP: 16/21 MP: 5/5
   604 | D:1      | Reached XP level 3. HP: 26/28 MP: 6/6
   687 | D:1      | Learned a level 3 spell: Confuse
  1527 | D:2      | Reached skill level 1 in Armour
  1527 | D:2      | Reached skill level 4 in Stealth
  1527 | D:2      | Reached XP level 4. HP: 35/35 MP: 7/7
  1537 | D:2      | Found a faded altar of an unknown god.
  2448 | D:3      | Reached XP level 5. HP: 22/41 MP: 8/8
  3927 | D:4      | Reached XP level 6. HP: 40/47 MP: 7/9
  4220 | D:4      | Noticed an ogre
  4221 | D:4      | Mangled by an ogre

Skill      XL: |  1  2  3  4  5 |
---------------+----------------+-----
Fighting       | 1 2 3 |  3.6
Dodging        | 2 |  2.5
Armour         | 1 2 3 |  3.6
Stealth        | 4 |  4.8
Short Blades   | |  1.0
Spellcasting   | |  2.1
Hexes          | |  3.6

Action                   |  1- 3 |  4- 6 || total
-------------------------+-------+-------++-------
Melee: Dagger            |   134 |    75 ||   209
       Quarterstaff      |       |   107 ||   107
 Cast: Corona            |    23 |    28 ||    51
       Confuse           |       |     8 ||     8
 Abil: Dig               |     2 |     3 ||     5
 Stab: Sleeping          |     8 |     5 ||    13
       Distracted        |       |     1 ||     1
  Eat: Chunk             |     3 |     9 ||    12
Armor: Robe              |     9 |       ||     9
       Leather armour    |    20 |    17 ||    37
       Ring mail         |       |    23 ||    23
Dodge: Dodged            |    88 |   114 ||   202
